Islanders vs Avalanche

Created - 12 octobre 2017 at 17:00

Goals
1 2 3 T
Islanders 1 1 0 2
Avalanche 0 3 1 4
Shots
1 2 3 T
Islanders 13 13 1 27
Avalanche 11 14 10 35

1st period

1. Islanders , Vladimir Tarasenko 2 (Nicklas Backstrom 3) at 13:21

Penalties :
Chris Mueller (NYI) for Hooking (Minor) at 17:57

2nd period

2. Avalanche , Sean Couturier 1 (Micheal Ferland 1) at 9:55
3. Avalanche , Taylor Hall 1 (Nikita Kucherov 1, Adam Henrique 2) at 15:13
4. Islanders , Kyle Palmieri 2 (Vladimir Tarasenko 2) at 17:43 (PP)
5. Avalanche , Taylor Hall 2 (Mattias Ekholm 1, Nikita Kucherov 2) at 19:07

Penalties :
Mark Stuart (COL) for Goalie Interference (Minor) at 7:08, Adam Larsson (COL) for Holding Stick (Minor) at 17:30

3rd period

6. Avalanche , Adam Henrique 1 (Nikita Kucherov 3) at 17:31

Penalties :
Kerby Rychel (NYI) for Interference (Minor) at 11:18, Kerby Rychel (NYI) for Holding (Minor) at 18:16

Goalie Stats

Corey Crawford (NYI), 31 saves from 35 shots - (0,886), L, 0-3-0, 60:00 minutes
Cory Schneider (COL), 25 saves from 27 shots - (0,926), W, 2-0-0, 60:00 minutes

Players Stats for Islanders

Player Name              G  A  P  +/- PIM S  H  SB GA TA FO     MP     PP MP  PK MP  
------------------------------------------------------------------------------------
Alex Goligoski           0  0  0  -2  0   2  2  0  0  0  0/0    26:58   1:36   3:22 
Chris Mueller            0  0  0   0  2   1  1  1  1  0  0/0    13:56   0:51   0:00 
Colin Greening           0  0  0   0  0   1  0  0  0  0  0/1    10:15   0:00   1:17 
Jake Gardiner            0  0  0   0  0   1  0  1  0  0  0/0    20:45   0:36   2:01 
Jesper Fast              0  0  0   0  0   2  0  0  0  0  0/0    14:57   0:51   0:56 
Jordie Benn              0  0  0  -1  0   0  1  2  0  0  0/0    12:17   0:00   0:18 
Justin Scott             0  0  0   0  0   3  1  1  0  0  3/5     8:58   0:00   0:00 
Karl Alzner              0  0  0  -2  0   1  1  1  1  1  0/0    26:58   1:36   3:22 
Kerby Rychel             0  0  0  -1  4   0  0  0  0  0  0/0    12:34   0:00   0:34 
Kyle Palmieri            1  0  1  -2  0   3  1  0  1  0  1/1    20:50   1:21   1:25 
Logan Shaw               0  0  0   0  0   0  0  0  0  0  0/1     8:58   0:00   0:00 
Matt Dumba               0  0  0   0  0   2  0  2  1  0  0/0    20:45   0:36   2:01 
Nicklas Backstrom        0  1  1  -2  0   2  1  0  1  0  26/37  22:08   1:21   2:46 
Radek Faksa              0  0  0  -1  0   4  0  1  1  1  2/6    12:15   0:00   0:13 
Ryan Murray              0  0  0  -1  0   0  1  1  0  3  0/0    12:17   0:00   0:18 
Timo Meier               0  0  0  -1  0   0  2  0  0  0  0/0    11:55   0:00   0:00 
Tyler Bozak              0  0  0   0  0   2  0  0  0  0  9/12   15:22   0:51   1:25 
Vladimir Tarasenko       1  1  2  -2  0   3  2  0  2  0  0/0    22:08   1:21   2:46 

Players Stats for Avalanche

Player Name              G  A  P  +/- PIM S  H  SB GA TA FO     MP     PP MP  PK MP  
------------------------------------------------------------------------------------
Adam Henrique            1  1  2   2  0   3  0  0  0  1  10/27  20:12   2:28   0:21 
Adam Larsson             0  0  0   2  2   0  2  1  0  0  0/0    23:33   2:06   1:21 
Jaccob Slavin            0  0  0   1  0   0  2  2  2  0  0/0    25:44   3:35   1:25 
Jakob Silfverberg        0  0  0   1  0   1  0  0  0  0  0/1    13:14   0:00   1:13 
Johnny Gaudreau          0  0  0   0  0   3  0  0  1  0  0/0    17:33   3:13   0:00 
Marcus Foligno           0  0  0   1  0   0  2  0  0  1  1/1    12:01   0:00   0:00 
Mark Giordano            0  0  0   1  0   1  2  1  0  3  0/0    24:57   3:35   0:15 
Mark Stone               0  0  0   0  0   7  0  1  0  0  0/1    16:49   2:28   0:00 
Mark Stuart              0  0  0   0  2   0  0  0  0  0  0/0    11:30   0:00   0:13 
Mattias Ekholm           0  1  1   2  0   3  1  1  0  3  0/0    23:00   2:06   1:10 
Micheal Ferland          0  1  1   0  0   0  2  1  0  0  0/1     8:21   0:00   0:00 
Nikita Kucherov          0  3  3   2  0   6  1  0  2  0  0/3    20:32   3:13   0:00 
Nikita Tryamkin          0  0  0   0  0   0  1  0  0  0  0/0    11:16   0:00   0:00 
Pavel Buchnevich         0  0  0   0  0   2  0  0  0  0  0/1     9:01   0:00   0:38 
Sam Bennett              0  0  0   0  0   1  1  0  0  0  4/7     8:50   0:00   0:26 
Sean Couturier           1  0  1   1  0   4  1  0  0  0  5/9    15:36   3:13   0:33 
Taylor Hall              2  0  2   2  0   4  0  1  0  0  0/1    19:51   2:28   0:00 
Zack Smith               0  0  0   0  0   0  2  1  0  0  2/11   15:46   0:00   1:13 

3 Stars

1 - Taylor Hall (COL)
2 - Nikita Kucherov (COL)
3 - Adam Henrique (COL)

Power Play

Islanders - 1 on 2 Attempt(s) - 50,00%
Avalanche - 0 on 3 Attempt(s) - 0,00%

Penalty Kill

Islanders - 3 on 3 Attempt(s) - 100,00% - Score 0 goal in Penalty Kill
Avalanche - 1 on 2 Attempt(s) - 50,00% - Score 0 goal in Penalty Kill

Team Stat

Islanders - Hits : 13 - Faceoff Wins : 41 - Blocked Shots : 10 - Penalty Minutes : 6
Avalanche - Hits : 17 - Faceoff Wins : 22 - Blocked Shots : 9 - Penalty Minutes : 4

Official

Referees : Evgeny Romasko and Jean Hebert
Linesman : John Grandt and Ryan Galloway

Game Notes

No Game Note

Finance

Level 1 -- Attendance: 3078 (51,30%) -- Ticket Income 461 700 $
Level 2 -- Attendance: 2978 (59,56%) -- Ticket Income 268 020 $
Level 3 -- Attendance: 996 (49,80%) -- Ticket Income 54 780 $
Level 4 -- Attendance: 1726 (43,15%) -- Ticket Income 69 040 $
Luxury Box -- Attendance: 592 (59,20%) -- Ticket Income 142 080 $
Game was played at the Pepsi Center.
Total Attendance: 9370 (52,06%)
Total Ticket Income: 995 620 $
Other Income: 487 854 $
Total Income: 1 483 474 $

Islanders

5 vs 5 Forward 
   Center                   Left Wing                Right Wing               Time % Phy DF OF 
 1 Nicklas Backstrom        Kyle Palmieri            Vladimir Tarasenko       40     1   2  2  
 2 Tyler Bozak              Jesper Fast              Chris Mueller            30     1   2  2  
 3 Radek Faksa              Kerby Rychel             Timo Meier               20     1   2  2  
 4 Justin Scott             Colin Greening           Logan Shaw               10     1   2  2  

5 vs 5 Defense 
   Defense                  Defense                                           Time % Phy DF OF 
 1 Alex Goligoski           Karl Alzner                                       40     1   2  2  
 2 Jake Gardiner            Matt Dumba                                        30     1   2  2  
 3 Jordie Benn              Ryan Murray                                       20     1   2  2  
 4 Alex Goligoski           Karl Alzner                                       10     1   2  2  

PowerPlay Forward 
   Center                   Left Wing                Right Wing               Time % Phy DF OF 
 1 Nicklas Backstrom        Kyle Palmieri            Vladimir Tarasenko       60     1   2  2  
 2 Tyler Bozak              Jesper Fast              Chris Mueller            40     1   2  2  

PowerPlay Defense
   Defense                  Defense                                           Time % Phy DF OF 
 1 Alex Goligoski           Karl Alzner                                       60     1   2  2  
 2 Jake Gardiner            Matt Dumba                                        40     1   2  2  

Penalty Kill 4 Players Forward 
   Center                   Wing                     Time % Phy DF OF 
 1 Nicklas Backstrom        Vladimir Tarasenko       60     1   2  2  
 2 Kyle Palmieri            Tyler Bozak              40     1   2  2  

Penalty Kill 4 Players Defense
   Defense                  Defense                  Time % Phy DF OF 
 1 Alex Goligoski           Karl Alzner              60     1   2  2  
 2 Jake Gardiner            Matt Dumba               40     1   2  2  

Penalty Kill - 3 Players Forward 
   Forward                                           Time % Phy DF OF 
 1 Nicklas Backstrom                                 60     1   2  2  
 2 Vladimir Tarasenko                                40     1   2  2  

Penalty Kill - 3 Players Defense
   Defense                  Defense                  Time % Phy DF OF 
 1 Alex Goligoski           Karl Alzner              60     1   2  2  
 2 Jake Gardiner            Matt Dumba               40     1   2  2  

4 vs 4 Forward 
   Center                   Wing                     Time % Phy DF OF 
 1 Nicklas Backstrom        Vladimir Tarasenko       60     1   2  2  
 2 Kyle Palmieri            Tyler Bozak              40     1   2  2  

4 vs 4 Defense
   Defense                  Defense                  Time % Phy DF OF 
 1 Alex Goligoski           Karl Alzner              60     1   2  2  
 2 Jake Gardiner            Matt Dumba               40     1   2  2  

Last Minutes Offensive
   Center                   Left Wing                Right Wing               Defense                  Defense                  
   Nicklas Backstrom        Kyle Palmieri            Vladimir Tarasenko       Alex Goligoski           Karl Alzner              

Last Minutes Defensive
   Center                   Left Wing                Right Wing               Defense                  Defense                  
   Nicklas Backstrom        Kyle Palmieri            Vladimir Tarasenko       Alex Goligoski           Karl Alzner              

Goaltenders
Starting : Corey Crawford           
Backup : Al Montoya               

Extra Forwards
Normal : Radek Faksa, Kerby Rychel, Colin Greening - PP : Radek Faksa, Kerby Rychel - PK : Colin Greening
Extra Defensemen
Normal : Jordie Benn, Ryan Murray, Jake Gardiner - PP : Jordie Benn - PK : Ryan Murray, Jake Gardiner
Penalty Shots
Nicklas Backstrom, Vladimir Tarasenko, Kyle Palmieri, Tyler Bozak, Radek Faksa
Custom OT Lines Forwards
Nicklas Backstrom, Vladimir Tarasenko, Kyle Palmieri, Tyler Bozak, Radek Faksa, Jesper Fast, Chris Mueller, Kerby Rychel, Colin Greening, Timo Meier
Custom OT Lines Defensemen
Alex Goligoski, Karl Alzner, Jake Gardiner, Matt Dumba, Jordie Benn

Scratches
Mikhail Grigorenko (Healthy), Brandon Saad (Healthy), James Neal (Healthy), Philip Larsen (Healthy), Gus Young (Healthy)
David Shields (Healthy), Chris Breen (Healthy), Sam Brittain (Healthy), Daniel Altshuller (Healthy)

Avalanche

5 vs 5 Forward 
   Center                   Left Wing                Right Wing               Time % Phy DF OF 
 1 Adam Henrique            Taylor Hall              Nikita Kucherov          40     0   2  3  
 2 Zack Smith               Johnny Gaudreau          Mark Stone               30     0   2  3  
 3 Sean Couturier           Marcus Foligno           Jakob Silfverberg        20     0   2  3  
 4 Sam Bennett              Pavel Buchnevich         Micheal Ferland          10     0   3  2  

5 vs 5 Defense 
   Defense                  Defense                                           Time % Phy DF OF 
 1 Mark Giordano            Jaccob Slavin                                     40     0   3  2  
 2 Adam Larsson             Mattias Ekholm                                    30     0   3  2  
 3 Mark Stuart              Nikita Tryamkin                                   20     0   3  2  
 4 Adam Larsson             Mattias Ekholm                                    10     0   3  2  

PowerPlay Forward 
   Center                   Left Wing                Right Wing               Time % Phy DF OF 
 1 Sean Couturier           Johnny Gaudreau          Nikita Kucherov          60     0   1  4  
 2 Adam Henrique            Taylor Hall              Mark Stone               40     0   1  4  

PowerPlay Defense
   Defense                  Defense                                           Time % Phy DF OF 
 1 Mark Giordano            Jaccob Slavin                                     60     0   3  2  
 2 Mattias Ekholm           Adam Larsson                                      40     0   3  2  

Penalty Kill 4 Players Forward 
   Center                   Wing                     Time % Phy DF OF 
 1 Zack Smith               Jakob Silfverberg        60     0   3  2  
 2 Sean Couturier           Adam Henrique            40     0   3  2  

Penalty Kill 4 Players Defense
   Defense                  Defense                  Time % Phy DF OF 
 1 Mark Stuart              Jaccob Slavin            60     0   4  1  
 2 Mattias Ekholm           Adam Larsson             40     0   4  1  

Penalty Kill - 3 Players Forward 
   Forward                                           Time % Phy DF OF 
 1 Zack Smith                                        60     0   4  1  
 2 Adam Henrique                                     40     0   4  1  

Penalty Kill - 3 Players Defense
   Defense                  Defense                  Time % Phy DF OF 
 1 Mark Stuart              Jaccob Slavin            60     0   4  1  
 2 Mattias Ekholm           Adam Larsson             40     0   4  1  

4 vs 4 Forward 
   Center                   Wing                     Time % Phy DF OF 
 1 Adam Henrique            Jakob Silfverberg        60     0   2  3  
 2 Sean Couturier           Nikita Kucherov          40     0   2  3  

4 vs 4 Defense
   Defense                  Defense                  Time % Phy DF OF 
 1 Mark Stuart              Jaccob Slavin            60     0   3  2  
 2 Mattias Ekholm           Adam Larsson             40     0   3  2  

Last Minutes Offensive
   Center                   Left Wing                Right Wing               Defense                  Defense                  
   Adam Henrique            Taylor Hall              Nikita Kucherov          Mark Giordano            Jaccob Slavin            

Last Minutes Defensive
   Center                   Left Wing                Right Wing               Defense                  Defense                  
   Sean Couturier           Jakob Silfverberg        Zack Smith               Mark Giordano            Jaccob Slavin            

Goaltenders
Starting : Cory Schneider           
Backup : Michael Leighton         

Extra Forwards
Normal : Johnny Gaudreau, Zack Smith, Sam Bennett - PP : Johnny Gaudreau, Zack Smith - PK : Sam Bennett
Extra Defensemen
Normal : Mark Stuart, Jaccob Slavin, Mattias Ekholm - PP : Mark Stuart - PK : Adam Larsson, Mattias Ekholm
Penalty Shots
Taylor Hall, Nikita Kucherov, Jakob Silfverberg, Mark Stone, Sean Couturier
Custom OT Lines Forwards
Nikita Kucherov, Taylor Hall, Jakob Silfverberg, Mark Stone, Sean Couturier, Adam Henrique, Johnny Gaudreau, Zack Smith, Sam Bennett, Marcus Foligno
Custom OT Lines Defensemen
Mark Giordano, Jaccob Slavin, Mattias Ekholm, Adam Larsson, Mark Stuart

Scratches
Damon Severson (Suspend), Chris Stewart (Healthy), Alex Chiasson (Healthy), Troy Grosenick (Healthy)

% Time on Ice - Islanders

Lines # - Real PCT - Wanted PCT - Time Play
Normal Forward
1 - 35% - 40% - 18:08
2 - 25% - 30% - 13:06
3 - 23% - 20% - 11:55
4 - 17% - 10% - 8:58
Normal Defense
1 - 38% - 40% - 19:37
2 - 36% - 30% - 18:50
3 - 22% - 20% - 11:17
4 - 5% - 10% - 2:23
PP Forward
1 - 61% - 60% - 1:21
2 - 39% - 40% - 0:51
PP Defense
1 - 73% - 60% - 1:36
2 - 27% - 40% - 0:36
PK Forward
1 - 75% - 60% - 4:16
2 - 25% - 40% - 1:25
PK Defense
1 - 59% - 60% - 3:22
2 - 41% - 40% - 2:19
PK3 Forward
1 - 0% - 60%
2 - 0% - 40%
PK3 Defense
1 - 0% - 60%
2 - 0% - 40%
44 Forward
1 - 0% - 60%
2 - 0% - 40%
44 Defense
1 - 0% - 60%
2 - 0% - 40%
Last Minute Offensive  - 0:00
Last Minute Defensive  - 0:00
Total
Forward - 60:00
Defense - 60:00

% Time on Ice - Avalanche

Lines # - Real PCT - Wanted PCT - Time Play
Normal Forward
1 - 33% - 40% - 17:21
2 - 28% - 30% - 14:24
3 - 23% - 20% - 12:01
4 - 16% - 10% - 8:21
Normal Defense
1 - 41% - 40% - 21:07
2 - 29% - 30% - 15:06
3 - 22% - 20% - 11:16
4 - 9% - 10% - 4:38
PP Forward
1 - 57% - 60% - 3:13
2 - 43% - 40% - 2:28
PP Defense
1 - 63% - 60% - 3:35
2 - 37% - 40% - 2:06
PK Forward
1 - 84% - 60% - 1:51
2 - 16% - 40% - 0:21
PK Defense
1 - 76% - 60% - 1:40
2 - 24% - 40% - 0:32
PK3 Forward
1 - 0% - 60%
2 - 0% - 40%
PK3 Defense
1 - 0% - 60%
2 - 0% - 40%
44 Forward
1 - 0% - 60%
2 - 0% - 40%
44 Defense
1 - 0% - 60%
2 - 0% - 40%
Last Minute Offensive  - 0:00
Last Minute Defensive  - 0:00
Total
Forward - 60:00
Defense - 60:00

Play by Play

1st period


0:01 of 1st period - Nicklas Backstrom wins face-off versus Adam Henrique in neutral zone.
0:10 of 1st period - Wrist shot by Vladimir Tarasenko.
0:10 of 1st period - Stopped by Cory Schneider without a rebound.
0:11 of 1st period - Tyler Bozak wins face-off versus Zack Smith in Avalanche zone.
0:38 of 1st period - Marcus Foligno is hit by Timo Meier and loses puck.
0:57 of 1st period - Slapshot by Nikita Kucherov.
0:57 of 1st period - Shot Misses the Net.
0:59 of 1st period - Snap shot by Adam Henrique.
0:59 of 1st period - Shot Misses the Net.
1:01 of 1st period - Wrist shot by Adam Henrique.
1:01 of 1st period - Shot Blocked by Jordie Benn.
1:03 of 1st period - Slapshot by Mark Giordano.
1:03 of 1st period - Shot Blocked by Jordie Benn.
1:05 of 1st period - Snap shot by Taylor Hall.
1:05 of 1st period - Shot Blocked by Ryan Murray.
1:07 of 1st period - Snap shot by Nikita Kucherov.
1:07 of 1st period - Shot Misses the Net.
1:09 of 1st period - Slapshot by Jaccob Slavin.
1:09 of 1st period - Deflect By Adam Henrique.
1:09 of 1st period - Stopped by Corey Crawford without a rebound.
1:10 of 1st period - Sam Bennett wins face-off versus Justin Scott in Islanders zone.
1:21 of 1st period - Slapshot by Pavel Buchnevich.
1:21 of 1st period - Deflect By Micheal Ferland.
1:21 of 1st period - Shot Misses the Net.
1:21 of 1st period - Puck is out of play.
1:22 of 1st period - Tyler Bozak wins face-off versus Adam Henrique in Islanders zone.
2:42 of 1st period - Snap shot by Justin Scott.
2:42 of 1st period - Stopped by Cory Schneider without a rebound.
2:43 of 1st period - Adam Henrique wins face-off versus Nicklas Backstrom in Avalanche zone.
3:58 of 1st period - Taylor Hall is hit by Jordie Benn and loses puck.
4:21 of 1st period - Wrist shot by Jakob Silfverberg.
4:21 of 1st period - Stopped by Corey Crawford without a rebound.
4:22 of 1st period - Nicklas Backstrom wins face-off versus Zack Smith in Islanders zone.
5:35 of 1st period - Wrist shot by Vladimir Tarasenko.
5:35 of 1st period - Shot Misses the Net.
5:37 of 1st period - Wrist shot by Nicklas Backstrom.
5:37 of 1st period - Shot Misses the Net.
6:31 of 1st period - Icing by Adam Henrique.
6:32 of 1st period - Radek Faksa wins face-off versus Pavel Buchnevich in Avalanche zone.
6:45 of 1st period - Snap shot by Sam Bennett.
6:45 of 1st period - Stopped by Corey Crawford with a rebound.
6:47 of 1st period - Snap shot by Nikita Tryamkin.
6:47 of 1st period - Shot Blocked by Jake Gardiner.
7:03 of 1st period - Backhand shot by Kyle Palmieri.
7:03 of 1st period - Stopped by Cory Schneider with a rebound.
7:25 of 1st period - Backhand shot by Tyler Bozak.
7:25 of 1st period - Stopped by Cory Schneider without a rebound.
7:26 of 1st period - Nicklas Backstrom wins face-off versus Adam Henrique in Avalanche zone.
7:51 of 1st period - Alex Goligoski is hit by Zack Smith and loses puck.
8:10 of 1st period - Slapshot by Mark Stone.
8:10 of 1st period - Shot Misses the Net.
8:34 of 1st period - Wrist shot by Radek Faksa.
8:34 of 1st period - Stopped by Cory Schneider without a rebound.
8:35 of 1st period - Justin Scott wins face-off versus Sam Bennett in Avalanche zone.
8:46 of 1st period - Wrist shot by Sam Bennett.
8:46 of 1st period - Deflect By Pavel Buchnevich.
8:46 of 1st period - Stopped by Corey Crawford without a rebound.
8:47 of 1st period - Adam Henrique wins face-off versus Nicklas Backstrom in Islanders zone.
9:14 of 1st period - Mark Stone is hit by Alex Goligoski and loses puck.
9:22 of 1st period - Snap shot by Tyler Bozak.
9:22 of 1st period - Shot Misses the Net.
9:24 of 1st period - Slapshot by Matt Dumba.
9:24 of 1st period - Deflect By Mark Stone.
9:24 of 1st period - Stopped by Cory Schneider with a rebound.
10:00 of 1st period - Adam Larsson is hit by Timo Meier and loses puck.
10:05 of 1st period - Wrist shot by Radek Faksa.
10:05 of 1st period - Shot Blocked by Micheal Ferland.
10:07 of 1st period - Slapshot by Matt Dumba.
10:07 of 1st period - Shot Blocked by Adam Larsson.
10:09 of 1st period - Slapshot by Jake Gardiner.
10:09 of 1st period - Stopped by Cory Schneider without a rebound.
10:10 of 1st period - Nicklas Backstrom wins face-off versus Adam Henrique in Avalanche zone.
10:15 of 1st period - Snap shot by Vladimir Tarasenko.
10:15 of 1st period - Shot Misses the Net.
10:17 of 1st period - Slapshot by Karl Alzner.
10:17 of 1st period - Stopped by Cory Schneider with a rebound.
10:19 of 1st period - Slapshot by Karl Alzner.
10:19 of 1st period - Shot Blocked by Taylor Hall.
10:46 of 1st period - Slapshot by Nikita Kucherov.
10:46 of 1st period - Shot Misses the Net.
10:48 of 1st period - Snap shot by Taylor Hall.
10:48 of 1st period - Deflect By Nikita Kucherov.
10:48 of 1st period - Stopped by Corey Crawford without a rebound.
10:49 of 1st period - Zack Smith wins face-off versus Nicklas Backstrom in Islanders zone.
11:01 of 1st period - Off-side.
11:02 of 1st period - Nicklas Backstrom wins face-off versus Mark Stone in neutral zone.
11:27 of 1st period - Jesper Fast is hit by Mark Giordano and loses puck.
12:08 of 1st period - Snap shot by Justin Scott.
12:08 of 1st period - Stopped by Cory Schneider without a rebound.
12:09 of 1st period - Sam Bennett wins face-off versus Logan Shaw in Avalanche zone.
12:37 of 1st period - Slapshot by Sam Bennett.
12:37 of 1st period - Shot Blocked by Justin Scott.
13:17 of 1st period - Wrist shot by Colin Greening.
13:17 of 1st period - Stopped by Cory Schneider without a rebound.
13:18 of 1st period - Nicklas Backstrom wins face-off versus Adam Henrique in Avalanche zone.
13:21 of 1st period - Wrist shot by Vladimir Tarasenko.
13:21 of 1st period - Goal by Vladimir Tarasenko - Islanders : 1 - Avalanche : 0.
13:22 of 1st period - Adam Henrique wins face-off versus Nicklas Backstrom in neutral zone.
14:10 of 1st period - Snap shot by Jakob Silfverberg.
14:10 of 1st period - Deflect By Sean Couturier.
14:10 of 1st period - Shot Misses the Net.
14:10 of 1st period - Puck is out of play.
14:11 of 1st period - Sean Couturier wins face-off versus Radek Faksa in Islanders zone.
14:38 of 1st period - Icing by Nicklas Backstrom.
14:39 of 1st period - Nicklas Backstrom wins face-off versus Adam Henrique in Islanders zone.
14:55 of 1st period - Slapshot by Adam Henrique.
14:55 of 1st period - Stopped by Corey Crawford with a rebound.
15:15 of 1st period - Icing by Jesper Fast.
15:16 of 1st period - Tyler Bozak wins face-off versus Adam Henrique in Islanders zone.
15:43 of 1st period - Snap shot by Nicklas Backstrom.
15:43 of 1st period - Stopped by Cory Schneider with a rebound.
15:53 of 1st period - Wrist shot by Mark Stone.
15:53 of 1st period - Stopped by Corey Crawford without a rebound.
15:54 of 1st period - Adam Henrique wins face-off versus Radek Faksa in Islanders zone.
16:10 of 1st period - Karl Alzner is hit by Adam Larsson and loses puck.
16:29 of 1st period - Slapshot by Nicklas Backstrom.
16:29 of 1st period - Stopped by Cory Schneider without a rebound.
16:30 of 1st period - Zack Smith wins face-off versus Nicklas Backstrom in Avalanche zone.
16:35 of 1st period - Wrist shot by Mark Stone.
16:35 of 1st period - Stopped by Corey Crawford with a rebound.
16:43 of 1st period - Snap shot by Johnny Gaudreau.
16:43 of 1st period - Deflect By Mark Stone.
16:43 of 1st period - Stopped by Corey Crawford with a rebound.
16:45 of 1st period - Snap shot by Zack Smith.
16:45 of 1st period - Shot Blocked by Matt Dumba.
16:47 of 1st period - Snap shot by Mark Stone.
16:47 of 1st period - Stopped by Corey Crawford with a rebound.
17:12 of 1st period - Snap shot by Kyle Palmieri.
17:12 of 1st period - Shot Hit the Post.
17:26 of 1st period - Icing by Alex Goligoski.
17:27 of 1st period - Nicklas Backstrom wins face-off versus Adam Henrique in Islanders zone.
17:29 of 1st period - Icing by Vladimir Tarasenko.
17:30 of 1st period - Adam Henrique wins face-off versus Nicklas Backstrom in Islanders zone.
17:41 of 1st period - Adam Larsson is hit by Alex Goligoski and loses puck.
17:57 of 1st period - Minor Penalty to Chris Mueller for Hooking.
17:58 of 1st period - Sean Couturier wins face-off versus Nicklas Backstrom in Islanders zone.
18:10 of 1st period - Snap shot by Johnny Gaudreau.
18:10 of 1st period - Stopped by Corey Crawford without a rebound.
18:11 of 1st period - Nicklas Backstrom wins face-off versus Sean Couturier in Islanders zone.
18:22 of 1st period - Slapshot by Johnny Gaudreau.
18:22 of 1st period - Shot Blocked by Karl Alzner.
19:21 of 1st period - Adam Larsson is hit by Kyle Palmieri.
19:57 of 1st period - Penalty to Chris Mueller is over, Chris Mueller is back on ice.
Goals for this period are 1 for Islanders vs 0 for Avalanche.
Shots for this period are 13 for Islanders vs 11 for Avalanche.

2nd period


0:01 of 2nd period - Adam Henrique wins face-off versus Tyler Bozak in neutral zone.
0:12 of 2nd period - Snap shot by Chris Mueller.
0:12 of 2nd period - Shot Misses the Net.
0:14 of 2nd period - Slapshot by Alex Goligoski.
0:14 of 2nd period - Stopped by Cory Schneider without a rebound.
0:15 of 2nd period - Nicklas Backstrom wins face-off versus Zack Smith in Avalanche zone.
0:16 of 2nd period - Snap shot by Vladimir Tarasenko.
0:16 of 2nd period - Stopped by Cory Schneider with a rebound.
1:08 of 2nd period - Slapshot by Jesper Fast.
1:08 of 2nd period - Stopped by Cory Schneider with a rebound.
1:10 of 2nd period - Slapshot by Matt Dumba.
1:10 of 2nd period - Stopped by Cory Schneider without a rebound.
1:11 of 2nd period - Tyler Bozak wins face-off versus Zack Smith in Avalanche zone.
1:12 of 2nd period - Slapshot by Jesper Fast.
1:12 of 2nd period - Stopped by Cory Schneider without a rebound.
1:13 of 2nd period - Tyler Bozak wins face-off versus Zack Smith in Avalanche zone.
1:20 of 2nd period - Snap shot by Tyler Bozak.
1:20 of 2nd period - Stopped by Cory Schneider with a rebound.
1:30 of 2nd period - Wrist shot by Mark Stone.
1:30 of 2nd period - Shot Misses the Net.
1:40 of 2nd period - Jesper Fast is hit by Sean Couturier and loses puck.
1:49 of 2nd period - Snap shot by Jakob Silfverberg.
1:49 of 2nd period - Deflect By Sean Couturier.
1:49 of 2nd period - Stopped by Corey Crawford without a rebound.
1:50 of 2nd period - Nicklas Backstrom wins face-off versus Adam Henrique in Islanders zone.
2:46 of 2nd period - Jordie Benn is hit by Micheal Ferland and loses puck.
3:23 of 2nd period - Snap shot by Kerby Rychel.
3:23 of 2nd period - Deflect By Radek Faksa.
3:23 of 2nd period - Stopped by Cory Schneider without a rebound.
3:24 of 2nd period - Nicklas Backstrom wins face-off versus Zack Smith in Avalanche zone.
3:35 of 2nd period - Wrist shot by Johnny Gaudreau.
3:35 of 2nd period - Stopped by Corey Crawford with a rebound.
4:43 of 2nd period - Snap shot by Sam Bennett.
4:43 of 2nd period - Shot Misses the Net.
6:22 of 2nd period - Mattias Ekholm is hit by Chris Mueller and loses puck.
6:32 of 2nd period - Icing by Alex Goligoski.
6:33 of 2nd period - Tyler Bozak wins face-off versus Sean Couturier in Islanders zone.
6:33 of 2nd period - Tyler Bozak is hit by Marcus Foligno.
7:03 of 2nd period - Snap shot by Logan Shaw.
7:03 of 2nd period - Shot Misses the Net.
7:08 of 2nd period - Minor Penalty to Mark Stuart for Goalie Interference.
7:09 of 2nd period - Nicklas Backstrom wins face-off versus Zack Smith in Avalanche zone.
7:11 of 2nd period - Wrist shot by Kyle Palmieri.
7:11 of 2nd period - Shot Blocked by Jaccob Slavin.
7:13 of 2nd period - Slapshot by Alex Goligoski.
7:13 of 2nd period - Shot Blocked by Zack Smith.
7:15 of 2nd period - Slapshot by Nicklas Backstrom.
7:15 of 2nd period - Deflect By Vladimir Tarasenko.
7:15 of 2nd period - Shot Blocked by Jaccob Slavin.
7:15 of 2nd period - Puck is out of play.
7:16 of 2nd period - Nicklas Backstrom wins face-off versus Jakob Silfverberg in Avalanche zone.
9:08 of 2nd period - Penalty to Mark Stuart is over, Mark Stuart is back on ice.
9:17 of 2nd period - Slapshot by Nikita Kucherov.
9:17 of 2nd period - Shot Blocked by Radek Faksa.
9:25 of 2nd period - Slapshot by Nikita Kucherov.
9:25 of 2nd period - Stopped by Corey Crawford with a rebound.
9:41 of 2nd period - Snap shot by Mark Stone.
9:41 of 2nd period - Stopped by Corey Crawford with a rebound.
9:55 of 2nd period - Wrist shot by Sean Couturier.
9:55 of 2nd period - Goal by Sean Couturier - Islanders : 1 - Avalanche : 1.
9:56 of 2nd period - Nicklas Backstrom wins face-off versus Nikita Kucherov in neutral zone.
10:27 of 2nd period - Snap shot by Radek Faksa.
10:27 of 2nd period - Stopped by Cory Schneider with a rebound.
10:29 of 2nd period - Snap shot by Radek Faksa.
10:29 of 2nd period - Stopped by Cory Schneider without a rebound.
10:30 of 2nd period - Kyle Palmieri wins face-off versus Zack Smith in Avalanche zone.
12:12 of 2nd period - Wrist shot by Johnny Gaudreau.
12:12 of 2nd period - Stopped by Corey Crawford with a rebound.
12:26 of 2nd period - Slapshot by Jesper Fast.
12:26 of 2nd period - Shot Blocked by Mattias Ekholm.
12:28 of 2nd period - Snap shot by Chris Mueller.
12:28 of 2nd period - Stopped by Cory Schneider with a rebound.
12:30 of 2nd period - Slapshot by Jordie Benn.
12:30 of 2nd period - Deflect By Chris Mueller.
12:30 of 2nd period - Shot Misses the Net.
12:30 of 2nd period - Puck is out of play.
12:31 of 2nd period - Tyler Bozak wins face-off versus Adam Henrique in Avalanche zone.
13:36 of 2nd period - Icing by Mattias Ekholm.
13:37 of 2nd period - Justin Scott wins face-off versus Sam Bennett in Avalanche zone.
13:38 of 2nd period - Wrist shot by Alex Goligoski.
13:38 of 2nd period - Stopped by Cory Schneider with a rebound.
13:40 of 2nd period - Snap shot by Logan Shaw.
13:40 of 2nd period - Deflect By Justin Scott.
13:40 of 2nd period - Stopped by Cory Schneider without a rebound.
13:41 of 2nd period - Sam Bennett wins face-off versus Justin Scott in Avalanche zone.
14:11 of 2nd period - Nikita Kucherov is hit by Vladimir Tarasenko and loses puck.
14:51 of 2nd period - Off-side.
14:52 of 2nd period - Marcus Foligno wins face-off versus Nicklas Backstrom in neutral zone.
15:05 of 2nd period - Slapshot by Jakob Silfverberg.
15:05 of 2nd period - Deflect By Sean Couturier.
15:05 of 2nd period - Stopped by Corey Crawford without a rebound.
15:06 of 2nd period - Adam Henrique wins face-off versus Nicklas Backstrom in Islanders zone.
15:09 of 2nd period - Snap shot by Nikita Kucherov.
15:09 of 2nd period - Shot Misses the Net.
15:11 of 2nd period - Snap shot by Taylor Hall.
15:11 of 2nd period - Shot Misses the Net.
15:13 of 2nd period - Wrist shot by Taylor Hall.
15:13 of 2nd period - Goal by Taylor Hall - Islanders : 1 - Avalanche : 2.
15:14 of 2nd period - Nicklas Backstrom wins face-off versus Adam Henrique in neutral zone.
15:48 of 2nd period - Snap shot by Tyler Bozak.
15:48 of 2nd period - Shot Blocked by Mark Stone.
16:24 of 2nd period - Wrist shot by Taylor Hall.
16:24 of 2nd period - Stopped by Corey Crawford without a rebound.
16:25 of 2nd period - Nicklas Backstrom wins face-off versus Adam Henrique in Islanders zone.
16:25 of 2nd period - Nicklas Backstrom is hit by Jaccob Slavin.
17:19 of 2nd period - Off-side.
17:20 of 2nd period - Nicklas Backstrom wins face-off versus Sean Couturier in neutral zone.
17:30 of 2nd period - Minor Penalty to Adam Larsson for Holding Stick.
17:31 of 2nd period - Nicklas Backstrom wins face-off versus Zack Smith in Avalanche zone.
17:31 of 2nd period - Wrist shot by Vladimir Tarasenko.
17:31 of 2nd period - Shot Misses the Net.
17:43 of 2nd period - Snap shot by Kyle Palmieri.
17:43 of 2nd period - Goal by Kyle Palmieri - Islanders : 2 - Avalanche : 2.
17:44 of 2nd period - Nicklas Backstrom wins face-off versus Nikita Kucherov in neutral zone.
18:59 of 2nd period - Wrist shot by Nikita Kucherov.
18:59 of 2nd period - Shot Blocked by Matt Dumba.
19:01 of 2nd period - Slapshot by Mattias Ekholm.
19:01 of 2nd period - Stopped by Corey Crawford with a rebound.
19:05 of 2nd period - Snap shot by Nikita Kucherov.
19:05 of 2nd period - Stopped by Corey Crawford with a rebound.
19:07 of 2nd period - Slapshot by Mattias Ekholm.
19:07 of 2nd period - Deflect By Taylor Hall.
19:07 of 2nd period - Goal by Taylor Hall - Islanders : 2 - Avalanche : 3.
19:08 of 2nd period - Nicklas Backstrom wins face-off versus Nikita Kucherov in neutral zone.
19:18 of 2nd period - Snap shot by Nikita Kucherov.
19:18 of 2nd period - Stopped by Corey Crawford with a rebound.
19:20 of 2nd period - Slapshot by Nikita Kucherov.
19:20 of 2nd period - Stopped by Corey Crawford with a rebound.
19:49 of 2nd period - Sean Couturier is hit by Nicklas Backstrom and loses puck.
Goals for this period are 1 for Islanders vs 3 for Avalanche.
Shots for this period are 13 for Islanders vs 14 for Avalanche.

3rd period


0:01 of 3rd period - Tyler Bozak wins face-off versus Adam Henrique in neutral zone.
0:47 of 3rd period - Mark Giordano is hit by Justin Scott and loses puck.
1:13 of 3rd period - Kerby Rychel is hit by Micheal Ferland and loses puck.
1:28 of 3rd period - Wrist shot by Taylor Hall.
1:28 of 3rd period - Shot Misses the Net.
1:53 of 3rd period - Vladimir Tarasenko is hit by Jaccob Slavin and loses puck.
2:06 of 3rd period - Snap shot by Mark Stone.
2:06 of 3rd period - Stopped by Corey Crawford without a rebound.
2:07 of 3rd period - Sean Couturier wins face-off versus Radek Faksa in Islanders zone.
2:32 of 3rd period - Kyle Palmieri is hit by Mattias Ekholm and loses puck.
2:37 of 3rd period - Snap shot by Mark Stone.
2:37 of 3rd period - Stopped by Corey Crawford without a rebound.
2:38 of 3rd period - Tyler Bozak wins face-off versus Adam Henrique in Islanders zone.
2:38 of 3rd period - Tyler Bozak is hit by Nikita Kucherov.
3:39 of 3rd period - Kerby Rychel is hit by Adam Larsson and loses puck.
4:20 of 3rd period - Wrist shot by Sam Bennett.
4:20 of 3rd period - Shot Misses the Net.
4:22 of 3rd period - Slapshot by Mattias Ekholm.
4:22 of 3rd period - Stopped by Corey Crawford without a rebound.
4:23 of 3rd period - Nicklas Backstrom wins face-off versus Sam Bennett in Islanders zone.
5:06 of 3rd period - Icing by Micheal Ferland.
5:07 of 3rd period - Radek Faksa wins face-off versus Micheal Ferland in Avalanche zone.
5:18 of 3rd period - Snap shot by Kyle Palmieri.
5:18 of 3rd period - Stopped by Cory Schneider without a rebound.
5:19 of 3rd period - Nicklas Backstrom wins face-off versus Taylor Hall in Avalanche zone.
5:36 of 3rd period - Wrist shot by Taylor Hall.
5:36 of 3rd period - Shot Misses the Net.
5:48 of 3rd period - Icing by Vladimir Tarasenko.
5:49 of 3rd period - Nicklas Backstrom wins face-off versus Sean Couturier in Islanders zone.
6:00 of 3rd period - Backhand shot by Sean Couturier.
6:00 of 3rd period - Stopped by Corey Crawford without a rebound.
6:01 of 3rd period - Adam Henrique wins face-off versus Tyler Bozak in Islanders zone.
6:02 of 3rd period - Snap shot by Taylor Hall.
6:02 of 3rd period - Stopped by Corey Crawford with a rebound.
6:04 of 3rd period - Slapshot by Mark Giordano.
6:04 of 3rd period - Shot Misses the Net.
6:06 of 3rd period - Slapshot by Mark Giordano.
6:06 of 3rd period - Stopped by Corey Crawford with a rebound.
6:08 of 3rd period - Snap shot by Mark Giordano.
6:08 of 3rd period - Shot Blocked by Chris Mueller.
6:10 of 3rd period - Slapshot by Nikita Kucherov.
6:10 of 3rd period - Shot Misses the Net.
6:32 of 3rd period - Radek Faksa is hit by Zack Smith and loses puck.
6:58 of 3rd period - Marcus Foligno is hit by Vladimir Tarasenko and loses puck.
7:23 of 3rd period - Slapshot by Pavel Buchnevich.
7:23 of 3rd period - Stopped by Corey Crawford with a rebound.
7:36 of 3rd period - Off-side.
7:37 of 3rd period - Adam Henrique wins face-off versus Tyler Bozak in neutral zone.
7:46 of 3rd period - Snap shot by Taylor Hall.
7:46 of 3rd period - Shot Misses the Net.
8:04 of 3rd period - Snap shot by Radek Faksa.
8:04 of 3rd period - Shot Blocked by Mark Giordano.
8:58 of 3rd period - Logan Shaw is hit by Marcus Foligno and loses puck.
9:08 of 3rd period - Icing by Logan Shaw.
9:09 of 3rd period - Sam Bennett wins face-off versus Colin Greening in Islanders zone.
9:42 of 3rd period - Snap shot by Logan Shaw.
9:42 of 3rd period - Shot Misses the Net.
11:18 of 3rd period - Minor Penalty to Kerby Rychel for Interference.
11:19 of 3rd period - Sean Couturier wins face-off versus Nicklas Backstrom in Islanders zone.
11:32 of 3rd period - Mark Giordano is hit by Karl Alzner and loses puck.
13:17 of 3rd period - Jesper Fast is hit by Mark Giordano and loses puck.
13:18 of 3rd period - Penalty to Kerby Rychel is over, Kerby Rychel is back on ice.
13:39 of 3rd period - Logan Shaw is hit by Sam Bennett and loses puck.
15:40 of 3rd period - Icing by Colin Greening.
15:41 of 3rd period - Justin Scott wins face-off versus Adam Henrique in Islanders zone.
15:41 of 3rd period - Justin Scott is hit by Nikita Tryamkin.
15:47 of 3rd period - Taylor Hall is hit by Ryan Murray and loses puck.
17:29 of 3rd period - Wrist shot by Nikita Kucherov.
17:29 of 3rd period - Shot Misses the Net.
17:31 of 3rd period - Snap shot by Adam Henrique.
17:31 of 3rd period - Goal by Adam Henrique - Islanders : 2 - Avalanche : 4.
17:32 of 3rd period - Nicklas Backstrom wins face-off versus Adam Henrique in neutral zone.
17:34 of 3rd period - Off-side.
17:35 of 3rd period - Nicklas Backstrom wins face-off versus Adam Henrique in neutral zone.
18:10 of 3rd period - Snap shot by Johnny Gaudreau.
18:10 of 3rd period - Shot Misses the Net.
18:12 of 3rd period - Wrist shot by Mattias Ekholm.
18:12 of 3rd period - Stopped by Corey Crawford without a rebound.
18:13 of 3rd period - Adam Henrique wins face-off versus Radek Faksa in Islanders zone.
18:14 of 3rd period - Snap shot by Nikita Kucherov.
18:14 of 3rd period - Stopped by Corey Crawford with a rebound.
18:16 of 3rd period - Minor Penalty to Kerby Rychel for Holding.
18:17 of 3rd period - Sean Couturier wins face-off versus Nicklas Backstrom in Islanders zone.
18:26 of 3rd period - Wrist shot by Nikita Kucherov.
18:26 of 3rd period - Shot Misses the Net.
Goals for this period are 0 for Islanders vs 1 for Avalanche.
Shots for this period are 1 for Islanders vs 10 for Avalanche.